TOP OF THE 1ST |
---|
Mountain Pointe HS batting - Pitching for Indianapolis HS Rifles : RHP Mario Ortega | Pitching: RHP Mario Ortega | | Batting: LHB Jesús Romero | 0-0: Called Strike 0-1: Ball 1-1: Ground out 6-3 (Groundball, 6) | Batting: RHB Vince Scovell | 0-0: Called Strike 0-1: Fly out, F8 (Flyball, 8RM) | Batting: LHB Jeff Turner | 0-0: Ball 1-0: Called Strike 1-1: Ball 2-1: SOLO HOME RUN (Flyball, 8LXD), Distance : 434 ft | Batting: LHB Benny Lawson | 0-0: Called Strike 0-1: Foul Ball, location: 2F 0-2: Ball 1-2: Foul Ball, location: 2F 1-2: Fly out, F7 (Flyball, 7D) | Top of the 1st over - 1 run, 1 hit, 0 errors, 0 left on base; Mountain Pointe HS 1 - Indianapolis HS 0 | BOTTOM OF THE 1ST |
---|
Indianapolis HS Rifles batting - Pitching for Mountain Pointe HS : RHP Gerald Wilson | Pitching: RHP Gerald Wilson | | Batting: RHB Fook Hann | 0-0: Called Strike 0-1: SINGLE (Flyball, 4D) | Batting: RHB Lorenzo Camacho | 0-0: Called Strike 0-1: Ball 1-1: Ball 2-1: Fly out, F7 (Flyball, 78M) | Batting: RHB Jason Tomlin | 0-0: Ball 1-0: Ball 2-0: Ball 3-0: Called Strike 3-1: Grounds into double play, 5-4-3 (Groundball, 56) | Bottom of the 1st over - 0 runs, 1 hit, 0 errors, 0 left on base; Mountain Pointe HS 1 - Indianapolis HS 0 | TOP OF THE 2ND |
---|
Mountain Pointe HS batting - Pitching for Indianapolis HS Rifles : RHP Mario Ortega | Batting: RHB Matt Lehman | 0-0: Called Strike 0-1: Ball 1-1: Ball 2-1: SINGLE (Line Drive, 89M) | Batting: RHB Reggie Snyder | 0-0: Called Strike 0-1: Foul Ball, location: 2F 0-2: Grounds into double play, 6-4-3 (Groundball, 6) | Batting: SHB Zach Weaver | 0-0: SOLO HOME RUN (Flyball, 89XD), Distance : 428 ft | Batting: RHB Bill Wells | 0-0: Called Strike 0-1: Ground out 6-3 (Groundball, 6) | Top of the 2nd over - 1 run, 2 hits, 0 errors, 0 left on base; Mountain Pointe HS 2 - Indianapolis HS 0 | BOTTOM OF THE 2ND |
---|
Indianapolis HS Rifles batting - Pitching for Mountain Pointe HS : RHP Gerald Wilson | Batting: LHB Henry Fairchild | 0-0: Swinging Strike 0-1: Ball 1-1: Ball 2-1: Called Strike 2-2: Ball 3-2: Strikes out swinging | Batting: RHB Juan Valdéz | 0-0: Foul Ball, location: 2F 0-1: Ball 1-1: Foul Ball, location: 2F 1-2: Ball 2-2: Foul Ball, location: 2F 2-2: Fly out, F8 (Flyball, 78D) | Batting: RHB Dale Messer | 0-0: Called Strike 0-1: Foul Ball, location: 2F 0-2: Ball 1-2: Fly out, F9 (Flyball, 89S) | Bottom of the 2nd over - 0 runs, 0 hits, 0 errors, 0 left on base; Mountain Pointe HS 2 - Indianapolis HS 0 | TOP OF THE 3RD |
---|
Mountain Pointe HS batting - Pitching for Indianapolis HS Rifles : RHP Mario Ortega | Batting: RHB Mike Ware | 0-0: Ball 1-0: Foul Ball, location: 2F 1-1: TRIPLE (Flyball, 8RXD) | Batting: LHB Jesús Romero | 0-0: SINGLE (Line Drive, 78S) Mike Ware scores | Batting: RHB Vince Scovell | 0-0: Foul Ball, location: 2F 0-1: Ball 1-1: Ball 2-1: Foul Ball, location: 2F 2-2: Ball 3-2: Foul Ball, location: 2F 3-2: Foul Ball, location: 2F 3-2: Foul Ball, location: 2F 3-2: DOUBLE (Line Drive, 9LD) Jesús Romero to third | Batting: LHB Jeff Turner | 0-0: Called Strike 0-1: Fly out, F5 (Popup, 15) | Batting: LHB Benny Lawson | 0-0: Ball 1-0: Ball 2-0: Ball 3-0: Base on Balls | Batting: RHB Matt Lehman | 0-0: Foul Ball, location: 2F 0-1: Fly out, F7 (Flyball, 78S) Runner from 3rd tags up, SCORES, no throw | Batting: RHB Reggie Snyder | 0-0: Ball 1-0: Foul Ball, location: 2F 1-1: Foul Ball, location: 2F 1-2: Ball 2-2: Foul Ball, location: 2F 2-2: Strikes out looking | Top of the 3rd over - 2 runs, 3 hits, 0 errors, 2 left on base; Mountain Pointe HS 4 - Indianapolis HS 0 | BOTTOM OF THE 3RD |
---|
Indianapolis HS Rifles batting - Pitching for Mountain Pointe HS : RHP Gerald Wilson | Batting: RHB Raymond Young | 0-0: Called Strike 0-1: Ball 1-1: SINGLE (Line Drive, 89S) | Batting: RHB Wesley Wood | 0-0: Called Strike 0-1: Ground out U3 (Groundball, 34) Raymond Young to second | Batting: RHB Paul Webster | 0-0: Ball 1-0: SINGLE (Groundball, 56D) Raymond Young to third Runner from 3rd tries for Home, SAFE, no throw | Batting: RHB Fook Hann | 0-0: Called Strike 0-1: Foul Ball, location: 2F 0-2: Strikes out swinging | Batting: RHB Lorenzo Camacho | 0-0: Hit by Pitch Paul Webster to second | Batting: RHB Jason Tomlin | 0-0: Ball 1-0: Ball 2-0: Foul Ball, location: 2F 2-1: Foul Ball, location: 2F 2-2: Foul Ball, location: 2F 2-2: Fielders Choice at 2nd, 6-4 (Groundball, 6) | Bottom of the 3rd over - 1 run, 2 hits, 0 errors, 2 left on base; Mountain Pointe HS 4 - Indianapolis HS 1 | TOP OF THE 4TH |
---|
Mountain Pointe HS batting - Pitching for Indianapolis HS Rifles : RHP Mario Ortega | Batting: SHB Zach Weaver | 0-0: SINGLE (Line Drive, 7S) | Batting: RHB Bill Wells | 0-0: Grounds into double play, 6-4-3 (Groundball, 6) | Batting: RHB Mike Ware | 0-0: Ball 1-0: Ground out 3-1 (Groundball, 34S) | Top of the 4th over - 0 runs, 1 hit, 0 errors, 0 left on base; Mountain Pointe HS 4 - Indianapolis HS 1 | BOTTOM OF THE 4TH |
---|
Indianapolis HS Rifles batting - Pitching for Mountain Pointe HS : RHP Gerald Wilson | Batting: LHB Henry Fairchild | 0-0: Ball 1-0: Called Strike 1-1: Swinging Strike 1-2: Foul Ball, location: 2F 1-2: Ball 2-2: SOLO HOME RUN (Flyball, 9LD), Distance : 352 ft | Batting: RHB Juan Valdéz | 0-0: DOUBLE (Line Drive, 89M) | Batting: RHB Dale Messer | 0-0: Fly out, F7 (Line Drive, 7) | Batting: RHB Raymond Young | 0-0: Ball 1-0: Ball 2-0: Ground out 4-3 (Groundball, 4) Juan Valdéz to third | Batting: RHB Wesley Wood | 0-0: Ball 1-0: Ball 2-0: Called Strike 2-1: SINGLE (Groundball, 34D) Juan Valdéz scores | Batting: RHB Paul Webster | 0-0: Fielders Choice at 2nd, 6-4 (Groundball, 6) | Bottom of the 4th over - 2 runs, 3 hits, 0 errors, 1 left on base; Mountain Pointe HS 4 - Indianapolis HS 3 | TOP OF THE 5TH |
---|
Mountain Pointe HS batting - Pitching for Indianapolis HS Rifles : RHP Mario Ortega | Batting: LHB Jesús Romero | 0-0: Foul Ball, location: 2F 0-1: Ground out 6-3 (Groundball, 6) | Batting: RHB Vince Scovell | 0-0: Called Strike 0-1: Foul Ball, location: 2F 0-2: Hit by Pitch | Batting: LHB Jeff Turner | 0-0: Called Strike 0-1: Ball 1-1: Foul Ball, location: 2F 1-2: Strikes out swinging | Batting: LHB Benny Lawson | 0-0: Called Strike 0-1: Single, Error in OF, E7, batter to second base Vince Scovell to third | Batting: RHB Matt Lehman | 0-0: Ball 1-0: Ball 2-0: Ball 3-0: Called Strike 3-1: Foul Ball, location: 2F 3-2: Fly out, F9 (Flyball, 9LM) | Top of the 5th over - 0 runs, 1 hit, 1 error, 2 left on base; Mountain Pointe HS 4 - Indianapolis HS 3 | BOTTOM OF THE 5TH |
---|
Indianapolis HS Rifles batting - Pitching for Mountain Pointe HS : RHP Gerald Wilson | Batting: RHB Fook Hann | 0-0: Ball 1-0: Ball 2-0: Foul Ball, location: 2F 2-1: Foul Ball, location: 2F 2-2: SINGLE (Groundball, 6MD) | Batting: RHB Lorenzo Camacho | 0-0: Called Strike 0-1: Ball 1-1: Ball 2-1: Ground out 5-3 (Groundball, 56) Fook Hann to second | Batting: RHB Jason Tomlin | 0-0: Foul Ball, location: 2F 0-1: Foul Ball, location: 2F 0-2: Foul Ball, location: 2F 0-2: Ball 1-2: Ball 2-2: SINGLE (Flyball, 8RS) Fook Hann to third Runner from 3rd tries for Home, SAFE, throw made home Jason Tomlin to second | Batting: LHB Henry Fairchild | 0-0: Foul Ball, location: 2F 0-1: Ball 1-1: Ball 2-1: Foul Ball, location: 2F 2-2: Ball 3-2: Foul Ball, location: 2F 3-2: Foul Ball, location: 2F 3-2: Base on Balls | Pitching: RHP Joe Henderson | | Batting: RHB Juan Valdéz | 0-0: Ball 1-0: Ball 2-0: Foul Ball, location: 2F 2-1: Foul Ball, location: 2F 2-2: Foul Ball, location: 2F 2-2: Foul Ball, location: 2F 2-2: Foul Ball, location: 2F 2-2: Ball 3-2: Foul Ball, location: 2F 3-2: Strikes out swinging | Batting: RHB Dale Messer | 0-0: Fly out, F8 (Flyball, 8LD) | Bottom of the 5th over - 1 run, 2 hits, 0 errors, 2 left on base; Mountain Pointe HS 4 - Indianapolis HS 4 | TOP OF THE 6TH |
---|
Mountain Pointe HS batting - Pitching for Indianapolis HS Rifles : RHP Mario Ortega | Batting: RHB Reggie Snyder | 0-0: Ball 1-0: Foul Ball, location: 2F 1-1: Ball 2-1: Ground out U3 (Groundball, 34) | Batting: SHB Zach Weaver | 0-0: Ball 1-0: Called Strike 1-1: Ball 2-1: DOUBLE (Line Drive, 9LD) | Pitching: LHP Martin Martin | | Batting: RHB Bill Wells | 0-0: Foul Ball, location: 2F 0-1: SINGLE (Groundball, 6D) Zach Weaver to third | Batting: RHB Mike Ware | 0-0: Ball 1-0: Fly out, F8 (Flyball, 8RM) | Batting: LHB Jesús Romero | 0-0: Ball 1-0: SINGLE (Flyball, 89M) Zach Weaver scores Bill Wells to second Runner from 2nd tries for 3rd, SAFE, no throw | Batting: RHB Vince Scovell | 0-0: Ball 1-0: 3-RUN HOME RUN (Flyball, 89XD), Distance : 426 ft | Pitching: RHP Victor Kocher | | Batting: LHB Jeff Turner | 0-0: Ball 1-0: SINGLE (Flyball, 9S) | Batting: LHB Benny Lawson | 0-0: SINGLE (Line Drive, 4MD) Jeff Turner to second | Batting: RHB Matt Lehman | 0-0: Ball 1-0: Called Strike 1-1: Foul Ball, location: 2F 1-2: 3-RUN HOME RUN (Flyball, 7LD), Distance : 354 ft | Batting: RHB Reggie Snyder | 0-0: Called Strike 0-1: Foul Ball, location: 2F 0-2: Foul Ball, location: 2F 0-2: Ball 1-2: Strikes out looking | Top of the 6th over - 7 runs, 7 hits, 0 errors, 0 left on base; Mountain Pointe HS 11 - Indianapolis HS 4 | BOTTOM OF THE 6TH |
---|
Indianapolis HS Rifles batting - Pitching for Mountain Pointe HS : RHP Joe Henderson | Batting: RHB Raymond Young | 0-0: Ball 1-0: Foul Ball, location: 2F 1-1: Foul Ball, location: 2F 1-2: Foul Ball, location: 2F 1-2: Ball 2-2: Strikes out swinging | Batting: RHB Wesley Wood | 0-0: Swinging Strike 0-1: DOUBLE (Flyball, 89XD) | Batting: RHB Paul Webster | 0-0: Fly out, F9 (Flyball, 9) | Batting: RHB Fook Hann | 0-0: Called Strike 0-1: Ball 1-1: Ball 2-1: Ball 3-1: Ground out 5-3 (Groundball, 56S) | Bottom of the 6th over - 0 runs, 1 hit, 0 errors, 1 left on base; Mountain Pointe HS 11 - Indianapolis HS 4 | TOP OF THE 7TH |
---|
Mountain Pointe HS batting - Pitching for Indianapolis HS Rifles : RHP Victor Kocher | Batting: SHB Zach Weaver | 0-0: Called Strike 0-1: Ground out 5-3 (Groundball, 5) | Batting: RHB Bill Wells | 0-0: Ball 1-0: Ball 2-0: Called Strike 2-1: Fly out, F9 (Flyball, 89M) | Batting: RHB Mike Ware | 0-0: Foul Ball, location: 2F 0-1: Ball 1-1: Swinging Strike 1-2: Ground out 1-3 (Groundball, 13) | Top of the 7th over - 0 runs, 0 hits, 0 errors, 0 left on base; Mountain Pointe HS 11 - Indianapolis HS 4 | BOTTOM OF THE 7TH |
---|
Indianapolis HS Rifles batting - Pitching for Mountain Pointe HS : RHP Joe Henderson | Batting: RHB Lorenzo Camacho | 0-0: Called Strike 0-1: Foul Ball, location: 2F 0-2: SINGLE (Flyball, 9S) | Batting: RHB Jason Tomlin | 0-0: Foul Ball, location: 2F 0-1: Fly out, F2 (Popup, 3SF) | Batting: LHB Henry Fairchild | 0-0: Called Strike Lorenzo Camacho is caught stealing 2nd base 0-1: Ball 1-1: Ground out 6-3 (Groundball, 6) | Bottom of the 7th over - 0 runs, 1 hit, 0 errors, 0 left on base; Mountain Pointe HS 11 - Indianapolis HS 4 | TOP OF THE 8TH |
---|
Mountain Pointe HS batting - Pitching for Indianapolis HS Rifles : RHP Victor Kocher | Batting: LHB Jesús Romero | 0-0: Foul Ball, location: 2F 0-1: Swinging Strike 0-2: Ball 1-2: Ball 2-2: Foul Ball, location: 2F 2-2: Foul Ball, location: 2F 2-2: Strikes out looking | Batting: RHB Vince Scovell | 0-0: Called Strike 0-1: Swinging Strike 0-2: Hit by Pitch | Batting: LHB Jeff Turner | 0-0: Ball 1-0: Swinging Strike 1-1: Swinging Strike 1-2: Ball 2-2: Strikes out swinging | Batting: LHB Benny Lawson | 0-0: Ball 1-0: Ground out U3 (Groundball, 3L) | Top of the 8th over - 0 runs, 0 hits, 0 errors, 1 left on base; Mountain Pointe HS 11 - Indianapolis HS 4 | BOTTOM OF THE 8TH |
---|
Indianapolis HS Rifles batting - Pitching for Mountain Pointe HS : RHP Joe Henderson | Batting: RHB Juan Valdéz | 0-0: Ball 1-0: Called Strike 1-1: Foul Ball, location: 2F 1-2: Ball 2-2: Foul Ball, location: 2F 2-2: Strikes out swinging | Batting: RHB Dale Messer | 0-0: Ball 1-0: Foul Ball, location: 2F 1-1: Ball 2-1: Ball 3-1: Base on Balls | Pitching: LHP Dan Baker | | Batting: RHB Raymond Young | 0-0: Ball 1-0: SINGLE (Line Drive, 89S) Dale Messer to second | Batting: RHB Wesley Wood | 0-0: Fly out, F4 (Popup, 13) | Batting: RHB Paul Webster | 0-0: Ball 1-0: Ball 2-0: Swinging Strike 2-1: Ground out 4-3 (Groundball, 4) | Bottom of the 8th over - 0 runs, 1 hit, 0 errors, 2 left on base; Mountain Pointe HS 11 - Indianapolis HS 4 | TOP OF THE 9TH |
---|
Mountain Pointe HS batting - Pitching for Indianapolis HS Rifles : RHP Victor Kocher | Batting: RHB Matt Lehman | 0-0: Called Strike 0-1: SINGLE (Flyball, 9LS) | Batting: RHB Reggie Snyder | 0-0: Hit by Pitch Matt Lehman to second | Batting: SHB Zach Weaver | 0-0: Grounds into double play, 5-4-3 (Groundball, 5) Matt Lehman to third | Batting: RHB Bill Wells | 0-0: Foul Ball, location: 2F 0-1: Ball 1-1: Swinging Strike 1-2: Foul Ball, location: 2F 1-2: Ball 2-2: Strikes out looking | Top of the 9th over - 0 runs, 1 hit, 0 errors, 1 left on base; Mountain Pointe HS 11 - Indianapolis HS 4 | BOTTOM OF THE 9TH |
---|
Indianapolis HS Rifles batting - Pitching for Mountain Pointe HS : LHP Dan Baker | Now at C: Mark Fry | | Batting: RHB Fook Hann | 0-0: Foul Ball, location: 2F 0-1: Ball 1-1: Ball 2-1: SINGLE (Groundball, 4MD) | Batting: RHB Lorenzo Camacho | 0-0: Called Strike 0-1: Ball 1-1: Ball 2-1: Swinging Strike 2-2: Foul Ball, location: 2F 2-2: SINGLE (Groundball, 4) (infield hit) Fook Hann to second | Batting: RHB Jason Tomlin | 0-0: Ball 1-0: Ball 2-0: Foul Ball, location: 2F 2-1: Ball 3-1: Swinging Strike 3-2: Foul Ball, location: 2F 3-2: SINGLE (Line Drive, 6MD) Fook Hann to third Lorenzo Camacho to second | Batting: LHB Henry Fairchild | 0-0: Ball 1-0: Called Strike 1-1: Ball 2-1: Grounds into double play, 4-6-3 (Groundball, 4) Fook Hann scores Lorenzo Camacho to third | Batting: RHB Juan Valdéz | 0-0: Swinging Strike 0-1: Ball 1-1: Swinging Strike 1-2: Strikes out swinging | Bottom of the 9th over - 1 run, 3 hits, 0 errors, 1 left on base; Mountain Pointe HS 11 - Indianapolis HS 5 | |